 Dungeon Crawl Stone Soup version 0.27.1-3-gb3d3a73c9e (webtiles) character file.

Game seed: 14406845749655235258

142 nxtlvl the Skirmisher (level 5, -4/57 HPs)
             Began as an Ogre Abyssal Knight on Oct 18, 2021.
             Was a Priest of Lugonu.
             Succumbed to a scorpion's poison
             ... on level 4 of the Dungeon.
             The game lasted 00:12:35 (1629 turns).

nxtlvl the Skirmisher (Ogre Abyssal Knight)         Turns: 1629, Time: 00:12:36

Health: -4/57      AC:  3    Str: 16    XL:     5   Next: 25%
Magic:  6/6        EV:  9    Int: 14    God:    Lugonu [***...]
Gold:   191        SH:  0    Dex:  8    Spells: 4/4 levels left

rFire    . . .     SeeInvis .   a - +1 spear
rCold    . . .     Faith    .   (no shield)
rNeg     . . .     Spirit   .   c - +0 robe
rPois    .         Reflect  .   (helmet restricted)
rElec    .         Harm     .   (no cloak)
rCorr    .         Rampage  .   (gloves unavailable)
Will     .....                  (boots unavailable)
Stlth    +.........             (no amulet)
HPRegen  0.19/turn              (no ring)
MPRegen  0.10/turn              (no ring)

@: mighty, lethally poisoned (-4 -> -31)
A: large, unfitting armour, tough skin 1
a: Renounce Religion, Depart the Abyss, Bend Space, Banish


You were on level 4 of the Dungeon.
You worshipped Lugonu.
Lugonu was most pleased with you.
You visited 1 branch of the dungeon, and saw 4 of its levels.
You visited the Abyss 1 time.

You collected 191 gold pieces.

Inventory:

Hand Weapons
 a - a +1 spear (weapon)
 b - a +0 fustibalus
 f - a +0 lajatang
Missiles
 e - 27 stones
Armour
 c - a +0 robe (worn)
Magical Staves
 k - a staff of death
Jewellery
 m - a ring of magical power
Scrolls
 g - a scroll of amnesia {unknown}
 h - a scroll of magic mapping {unknown}
 i - a scroll of teleportation {unknown}
 j - 3 scrolls of identify {unknown}
Potions
 l - a potion of might


   Skills:
 + Level 5.4 Fighting
 * Level 4.4 Polearms
 - Level 2.1 Dodging
 - Level 2.0 Invocations


You had 4 spell levels left.
You didn't know any spells.
Your spell library contained the following spells:

 Spells                   Type           Power      Damage    Failure   Level
 Magic Dart               Conj           0%         1d3       28%         1
 Searing Ray              Conj           0%         3d3       41%         2
 Fulminant Prism          Conj/Hex       0%         3d6       96%         4


Dungeon Overview and Level Annotations

Branches:
Dungeon (4/15)
 Temple: D:4-7

Altars:
Kikubaaqudgha


Innate Abilities, Weirdness & Mutations

You are too large for most types of armour.
You have tough skin. (AC +1)


Message History

The scorpion is moderately wounded.
The scorpion stings you.
You are poisoned.
The scorpion poisons you!
You barely miss the scorpion.
The scorpion is moderately wounded.
You feel very sick. The scorpion stings you.
You hit the scorpion.
The scorpion is heavily wounded.
You feel sick. The scorpion stings you.
You hit the scorpion but do no damage.
The scorpion is heavily wounded.
You feel sick. The scorpion barely misses you.
You closely miss the scorpion.
The scorpion is heavily wounded.
You feel sick. The scorpion stings you.
You are more poisoned.
The scorpion poisons you!
You closely miss the scorpion.
The scorpion is heavily wounded.
You feel very sick. The scorpion stings you!
You are lethally poisoned!
The scorpion poisons you!
You closely miss the scorpion.
The scorpion is heavily wounded.
* * * LOW HITPOINT WARNING * * *
You feel very sick. The scorpion stings you.
* * * LOW HITPOINT WARNING * * *
You are more poisoned.
The scorpion poisons you!
It was a potion of might.
You feel very mighty all of a sudden.
* * * LOW HITPOINT WARNING * * *
You feel extremely sick. The scorpion barely misses you.
It was a potion of magic.
Magic courses through your body.
You die...

##......#.# .'.(....#.#
..#......#.#
####.#......#.# ..#....
...#.# #.#.(# ##...#
#...#.###.#†.#
#.s#.#.#.#.#.#
#.@##.#(#.##.######
#..###.#.###...)...
#..##.#.#.##.######
######..#.#.#.#.#.##....
#........#.###.#..##.#..
#.........#####..###.#..
#...............## #.#..
########....##### #.#..
###### #.#..


You could see a scorpion.

Vanquished Creatures
  A howler monkey (D:4)
  2 hound skeletons
  2 worms
  5 dart slugs
  7 orcs
  7 endoplasms
  2 giant cockroaches
  6 goblins
  2 hobgoblins
  2 jackals (D:1)
  7 ball pythons
  6 bats
  2 frilled lizards
  6 kobolds
  2 rats
59 creatures vanquished.

Notes
Turn   | Place    | Note
-------+----------+-------------------------------------------
     0 | Abyss:1  | nxtlvl the Ogre Abyssal Knight began the quest for the Orb.
     0 | Abyss:1  | Reached XP level 1. HP: 24/24 MP: 2/2
   180 | D:1      | Escaped the Abyss
   262 | D:1      | Reached XP level 2. HP: 29/32 MP: 3/3
   473 | D:1      | Reached ** piety under Lugonu
   477 | D:1      | Reached XP level 3. HP: 35/40 MP: 4/4
   536 | D:1      | Found a faded altar of an unknown god.
  1017 | D:3      | Found an ancient bone altar of Kikubaaqudgha.
  1110 | D:3      | Reached XP level 4. HP: 49/49 MP: 5/5
  1339 | D:3      | Reached skill level 5 in Fighting
  1425 | D:4      | Reached XP level 5. HP: 50/57 MP: 6/6
  1570 | D:4      | Reached *** piety under Lugonu
  1628 | D:4      | HP: 2/57 [poisoned by a scorpion]
  1629 | D:4      | Succumbed to a scorpion's poison

Illustrated notes

Levels and vault maps discovered:
D:1:      dpeg_arrival_arbitrary_b, layout_basic,
          dreamdust_ecumenical_altar_angels_and_demons,
          chequers_serial_rivers_small_3, st_stairs_4, minmay_3d_cube
D:2:      layout_loops_corners, minmay_misc_feat_diagonals
D:3:      layout_basic, lemuel_crystal_altar
D:4:      layout_basic, minmay_circle_x

Skill      XL: |  1  2  3  4 |
---------------+-------------+-----
Polearms       | 3 4 |  4.4
Fighting       | 5 |  5.4
Dodging        | |  2.1
Invocations    | |  2.0

Action                   |  1- 3 |  4- 6 || total
-------------------------+-------+-------++-------
Melee: Spear             |   141 |    55 ||   196
 Fire: Fustibalus        |     5 |    16 ||    21
  Use: Potion            |       |     2 ||     2
 Stab: Sleeping          |     1 |       ||     1
Armor: Robe              |    35 |     7 ||    42
Dodge: Dodged            |    40 |     8 ||    48
